 Dungeon Crawl Stone Soup version 0.31.0-12-g77e489cdc1 (webtiles) character file.

Game seed: 17521525088544273954

3504 KennySheep the Severer (level 10, 0/77 HPs)
             Began as a Hill Orc Monk on Mar 2, 2024.
             Was an Elder of Trog.
             Slain by a black bear (4 damage)
             ... on level 8 of the Dungeon.
             The game lasted 00:11:09 (7471 turns).

KennySheep the Severer (Hill Orc Monk)              Turns: 7471, Time: 00:11:10

Health: 0/77       AC:  8    Str: 19    XL:     10   Next: 7%
Magic:  10/10      EV: 10    Int: 10    God:    Trog [****..]
Gold:   507        SH:  0    Dex: 13    Spells: 9/9 levels left

rFire   . . .        F - +0 battleaxe
rCold   + . .        (shield currently unavailable)
rNeg    . . .        v - +1 scale mail {rC+}
rPois   .            (no helmet)
rElec   .            (no cloak)
rCorr   .            f - +0 pair of gloves
SInv    .            s - +0 pair of boots
Will    .....        (no amulet) Stlth
                     (no ring)
HPRegen 0.32/turn    (no ring)
MPRegen 0.12/turn

%: no passive effects
@: lethally poisoned (0 -> -2), corroded, on berserk cooldown, slowed, very slow
A: no striking features
a: Renounce Religion, Berserk, Trog's Hand, Brothers in Arms


You were on level 8 of the Dungeon.
You worshipped Trog.
Trog was greatly pleased with you.
You visited 1 branch of the dungeon, and saw 8 of its levels.
You also visited: Sewer.

You collected 507 gold pieces.

Inventory:

Hand Weapons
 a - a +1 hand axe
 F - a +0 battleaxe (weapon)
Armour
 b - a +0 robe
 d - an orb of light
 f - a +0 pair of gloves (worn)
 p - a +0 scale mail
 s - a +0 pair of boots (worn)
 v - a +1 scale mail of cold resistance (worn)
 y - a +0 chain mail
Jewellery
 k - a ring of willpower
 m - a +6 ring of strength
 u - an amulet of the acrobat
 w - a ring of ice
Wands
 D - a wand of mindburst (19)
Scrolls
 e - a scroll of amnesia
 g - 4 scrolls of teleportation
 h - 2 scrolls of vulnerability
 i - a scroll of noise
 t - a scroll of fog
 x - 2 scrolls of identify
 G - a scroll of revelation
Potions
 c - a potion of ambrosia
 j - a potion of heal wounds
 l - a potion of magic {unknown}
 n - 3 potions of haste
 o - a potion of resistance {unknown}
 q - 2 potions of curing
 r - a potion of mutation {unknown}
 z - 2 potions of might {unknown}
 A - 2 potions of degeneration {unknown}
 B - a potion of enlightenment {unknown}
 C - a potion of berserk rage


   Skills:
 - Level 3.6 Fighting
 * Level 15.3 Axes
 + Level 8.6 Armour
 - Level 2.4 Dodging


You had 9 spell levels left.
You didn't know any spells.
Your spell library was empty.

Dungeon Overview and Level Annotations

Branches:
Dungeon (8/15)             Temple (0/1) D:6           Sewer (visited)
   Lair: D:8-11

Altars:
Ashenzari
Ru
Sif Muna
Trog
Uskayaw
Vehumet
Xom
The Shining One

Annotations:
D:2 1 runed translucent door, Crazy Yiuf


Message History

The acid dragon bites you.
* * * LOW HITPOINT WARNING * * *
The acid dragon misses you.
You barely miss the acid dragon.
The acid dragon is moderately wounded.
You closely miss the killer bee.
You feel sick. The killer bee stings you.
* * * LOW HITPOINT WARNING * * *
The killer bee stings you but does no damage.
You closely miss the acid dragon.
The acid dragon is moderately wounded.
You hit the killer bee.
You feel sick.
The killer bee stings you but does no damage.
The acid dragon misses you. The acid dragon closely misses you.
You slice the acid dragon!!
You kill the acid dragon!
Trog accepts your kill.
You slash the killer bee!
You kill the killer bee!
Trog accepts your kill.
You are no longer berserk.
You are exhausted.
You feel yourself slow down.
You feel sick.
The centaur shoots an arrow.
The arrow hits you but does no damage.
A black bear comes into view.
The sentinel's mark upon you fades away.
You feel sick.
The centaur unwields a +0 orcbow.
The centaur completely misses you. The centaur closely misses you. x3
You barely miss the centaur.
You hit the black bear but do no damage.
You feel sick. The centaur barely misses you. The centaur kicks you.
* * * LOW HITPOINT WARNING * * *
The black bear bites you but does no damage.
The black bear barely misses you. The black bear closely misses you.
A wight comes into view.
It is wielding a +2 battleaxe of freezing.
The centaur hits you but does no damage.
The centaur closely misses you.
As you read the scroll labelled CEALUAR UCWEK, it crumbles to dust.
The creatures around you are filled with an inner flame!
It was a scroll of immolation.
You feel sick. The black bear bites you.
You die...

. #...#.$........... #.
#............... #.
#######...........#..
##.#.#..##...........#.#
#...z.......##...##..<.#
....#...###..#....#.....
. #.5####.............
#.h##.#....##.#.....
#.c@............#...
..#...†...........#...
#.........###.####...
###......(# ### #...
##......# #... ###.#.##
###. ##### ##


You could see a black bear (inner flame), a centaur (inner flame), a wight
(inner flame) and a white imp (inner flame).

Vanquished Creatures
  Joseph (D:7)
  Sigmund (D:5)
  Menkaure (D:5)
  An acid dragon (D:8)
  Duvessa (D:5)
  A water moccasin (D:7)
  2 orc warriors
  2 sky beasts (D:7)
  A black bear (D:6)
  An ice beast (D:6)
  An ogre (D:6)
  A crocodile (Sewer)
  A centaur (D:5)
  A phantom (D:4)
  2 bullfrogs
  A kobold brigand (D:7)
  A brain worm (Sewer)
  2 scorpions
  Dowan (D:5)
  3 wights (D:8)
  9 killer bees
  2 howler monkeys
  4 hounds
  A jelly (D:6)
  A bombardier beetle (D:4)
  4 sleepcaps
  Jessica (D:3)
  5 orc wizards
  5 gnolls (D:3)
  4 adders
  A white imp (D:7)
  4 ufetubi
  3 dart slugs
  27 orcs
  10 endoplasms
  3 giant cockroaches
  7 goblins
  6 hobgoblins
  11 kobolds
  8 quokkas
  8 ball pythons
  13 bats
  4 frilled lizards
  3 rats
170 creatures vanquished.

Notes
Turn   | Place    | Note
-------+----------+-------------------------------------------
     0 | D:1      | KennySheep the Hill Orc Monk began the quest for the Orb.
     0 | D:1      | Reached XP level 1. HP: 19/19 MP: 1/1
   106 | D:1      | Reached XP level 2. HP: 24/26 MP: 2/2
   159 | D:1      | Reached skill level 5 in Axes
   436 | D:1      | Reached XP level 3. HP: 31/31 MP: 3/3
  1183 | D:2      | Found a shimmering altar of Xom.
  1270 | D:2      | Reached skill level 6 in Axes
  1399 | D:2      | Reached XP level 4. HP: 28/39 MP: 4/4
  1481 | D:2      | Found a runed translucent door.
  1482 | D:2      | Noticed Crazy Yiuf
  2010 | D:3      | Reached skill level 1 in Armour
  2049 | D:3      | Reached XP level 5. HP: 18/45 MP: 5/5
  2175 | D:3      | Reached skill level 7 in Axes
  2229 | D:3      | Found a bloodstained altar of Trog.
  2243 | D:3      | Became a worshipper of Trog the Wrathful
  2243 | D:3      | Reached * piety under Trog
  2243 | D:3      | Reached ** piety under Trog
  2249 | D:3      | Noticed Jessica
  2251 | D:3      | Found a shimmering blue altar of Sif Muna.
  2254 | D:3      | Killed Jessica
  2638 | D:3      | Found a sacrificial altar of Ru.
  2724 | D:4      | Reached skill level 8 in Axes
  2724 | D:4      | Reached XP level 6. HP: 44/51 MP: 6/6
  2828 | D:4      | Found a broken altar of Ashenzari.
  3331 | D:4      | Reached skill level 9 in Axes
  3331 | D:4      | Reached XP level 7. HP: 56/57 MP: 7/7
  3970 | D:5      | Entered Level 5 of the Dungeon
  4016 | D:5      | Reached *** piety under Trog
  4037 | D:5      | Noticed Menkaure
  4295 | D:5      | Killed Menkaure
  4296 | D:5      | Reached skill level 10 in Axes
  4698 | D:5      | Noticed Dowan
  4700 | D:5      | Noticed Duvessa
  4713 | D:5      | Killed Duvessa
  4714 | D:5      | Reached skill level 5 in Armour
  4714 | D:5      | Reached XP level 8. HP: 64/64 MP: 8/8
  4714 | D:5      | Killed Dowan
  4799 | D:5      | Noticed Sigmund
  4809 | D:5      | Killed Sigmund
  4810 | D:5      | Reached skill level 11 in Axes
  5026 | D:6      | Found a glowing drain.
  5104 | Sewer    | Entered a sewer
  5160 | Sewer    | Reached skill level 12 in Axes
  5375 | D:6      | Found a staircase to the Ecumenical Temple.
  5606 | D:6      | Reached XP level 9. HP: 26/70 MP: 9/9
  5919 | D:6      | Reached skill level 13 in Axes
  6362 | D:7      | Found a radiant altar of Vehumet.
  6738 | D:7      | Noticed Joseph
  6758 | D:7      | Killed Joseph
  6759 | D:7      | Reached skill level 14 in Axes
  7029 | D:7      | Reached **** piety under Trog
  7219 | D:8      | Found a hide-covered altar of Uskayaw.
  7219 | D:8      | Found a glowing golden altar of the Shining One.
  7457 | D:8      | Reached skill level 15 in Axes
  7457 | D:8      | Reached XP level 10. HP: 77/77 MP: 10/10
  7471 | D:8      | Slain by a black bear

Illustrated notes

Levels and vault maps discovered:
D:1:      saegor_arrival_simple_c, layout_loops_corners, minmay_pentomino_z4
D:2:      kennysheep_big_flooded_room, layout_basic, basic_altar,
          uniq_crazy_yiuf_cottage
D:3:      layout_basic, nzn_overflow_gifts_of_might_and_magic,
          mainiacjoe_overflow_alcove_1, corexii_corridor_pit
D:4:      cheibrodos_old_hovel, layout_gridville, nicolae_ashenzari_panopticon,
          st_stairs_5
D:5:      layout_loops_cross, uniq_menkaure, uniq_duvessa, uniq_sigmund
D:6:      layout_basic, temple_fountains, portal_sewer_entry_f,
          dreamdust_wishing_well, grunt_ministairs_1, hangedman_decor_riveting
D:7:      layout_rooms, nicolae_overflow_crystal_walls, corexii_checkpoint,
          uniq_joseph
D:8:      layout_cave_pools, nicolae_overflow_two_pavilions,
          general_overflow_altar

Skill      XL: |  1  2  3  4  5  6  7  8  9 |
---------------+----------------------------+-----
Axes           | 5 6 8 9 10 12 15 | 15.3
Armour         | 1 2 3 5 6 8 |  8.6
Fighting       | |  3.6
Dodging        | |  2.4

Action                     |  1- 3 |  4- 6 |  7- 9 | 10-12 || total
---------------------------+-------+-------+-------+-------++-------
  Melee: Hand axe          |   103 |   140 |   399 |       ||   642
         Battleaxe         |       |       |     9 |    11 ||    20
 Invoke: Berserk           |       |       |     7 |       ||     7
    Use: Scroll            |       |       |     8 |     1 ||     9
         Potion            |       |       |     4 |       ||     4
 Armour: Robe              |    43 |       |       |       ||    43
         Scale mail        |     9 |    98 |   282 |    25 ||   414
  Dodge: Dodged            |    49 |    64 |   163 |    23 ||   299
